[Event "Titled Tuesday Blitz November 30 2021"]
[White "Babazada, Khazar"]
[Black "Martinez Alcantara, Jose Eduardo"]
[WhiteFideId "13413554"]
[BlackFideId "3805662"]
[WhiteElo "2302"]
[BlackElo "2690"]
[Result "1-0"]
[Round "10"]
[TimeControl "180+1"]
[Date "2021.11.30"]
[WhiteClock "0:00:47"]
[BlackClock "0:00:05"]

1. e4 c5 2. b3 b6 3. Bb2 Bb7 4. Nc3 e6 5. Nf3 a6 6. d4 cxd4 7. Nxd4 d6 8. a4 Nf6 9. Qe2 Nbd7 10. O-O-O Be7 11. g3 Rc8 12. Bh3 O-O 13. Kb1 Rc5 14. f3 Qc7 15. Na2 Re8 16. Nc1 Bf8 17. Nd3 Qb8 18. Bg2 Rcc8 19. Rhe1 b5 20. a5 Qc7 21. Qd2 Ne5 22. Nf2 Red8 23. h3 Ned7 24. f4 Nc5 25. g4 d5 26. e5 Nfe4 27. Qe3 Nxf2 28. Qxf2 Ne4 29. Bxe4 dxe4 30. f5 Bd5 31. Rf1 Bb4 32. Qf4 Bc5 33. Rd2 Qxa5 34. Rdf2 e3 35. Qxe3 Re8 36. f6 g6 37. h4 Kh8 38. h5 g5 39. Qxg5 Rg8 40. Qf4 Qb4 41. g5 Bxd4 42. Bxd4 Rc4 43. g6 fxg6 44. f7 Rxd4 45. Qf6+ Rg7 46. f8=Q+ Qxf8 47. Qxf8+ Rg8 48. Qf6+ Rg7 49. h6 1-0


[Site "https://www.chess.com"]

[Event "Titled Tuesday Blitz November 30 2021"]
[White "Bologan, Victor"]
[Black "Sadhwani, Raunak"]
[WhiteFideId "13900048"]
[BlackFideId "35093487"]
[WhiteElo "2472"]
[BlackElo "2517"]
[Result "0-1"]
[Round "10"]
[TimeControl "180+1"]
[Date "2021.11.30"]
[WhiteClock "0:00:18"]
[BlackClock "0:01:01"]

1. e4 e5 2. Nf3 Nc6 3. Bc4 Nf6 4. d3 h6 5. c3 d6 6. O-O g5 7. Re1 Bg7 8. a4 g4 9. Nfd2 O-O 10. Nf1 d5 11. exd5 Nxd5 12. a5 Be6 13. Ng3 f5 14. Nd2 Qd7 15. Nb3 Qd6 16. d4 Kh7 17. Nc5 Nxc3 18. bxc3 Bxc4 19. Nxb7 Qg6 20. d5 Ne7 21. Ba3 Nxd5 22. Bxf8 Rxf8 23. Nc5 Nf4 24. Ra4 Qc6 25. Nge4 Bd5 26. c4 Bxe4 27. Nxe4 fxe4 28. c5 e3 29. Qc2+ Kh8 30. fxe3 Nxg2 0-1


[Site "https://www.chess.com"]

[Event "Titled Tuesday Blitz November 30 2021"]
[White "Demchenko, Anton"]
[Black "Mirzoev, Azer"]
[WhiteFideId "4160258"]
[BlackFideId "13400304"]
[WhiteElo "2583"]
[BlackElo "2525"]
[Result "1-0"]
[Round "10"]
[TimeControl "180+1"]
[Date "2021.11.30"]
[WhiteClock "0:00:29"]
[BlackClock "0:00:03"]

1. e4 e5 2. Nf3 Nc6 3. Bc4 Bc5 4. d3 Nf6 5. Bg5 d6 6. c3 Bb6 7. Nbd2 h6 8. Bh4 a6 9. O-O O-O 10. b4 Be6 11. a4 Qe7 12. Rb1 Ba7 13. Re1 Bxc4 14. Nxc4 Qe6 15. b5 axb5 16. axb5 Ne7 17. b6 cxb6 18. Bxf6 Qxf6 19. Nxb6 Bxb6 20. Rxb6 Ra7 21. Nd2 Rc8 22. Nc4 Rc6 23. Qb1 Rxb6 24. Qxb6 Ra2 25. Rf1 Ng6 26. g3 Qf3 27. Ne3 Rd2 28. Qxd6 Kh7 29. Qd7 Qxe4 30. Qxf7 Qxd3 31. Qxb7 Qxc3 32. h4 Qd4 33. h5 Nf8 34. Qf7 Qd7 35. Qxf8 1-0


[Site "https://www.chess.com"]

[Event "Titled Tuesday Blitz November 30 2021"]
[White "Durarbayli, Vasif"]
[Black "Le, Tuan Minh"]
[WhiteFideId "13402935"]
[BlackFideId "12401153"]
[WhiteElo "2522"]
[BlackElo "2450"]
[Result "0-1"]
[Round "10"]
[TimeControl "180+1"]
[Date "2021.11.30"]
[WhiteClock "0:00:01"]
[BlackClock "0:00:07"]

1. e4 c5 2. Nf3 Nf6 3. e5 Nd5 4. Nc3 e6 5. Nxd5 exd5 6. d4 Nc6 7. dxc5 Bxc5 8. Be2 d6 9. exd6 Qxd6 10. O-O O-O 11. Bg5 Re8 12. Bh4 Bb6 13. Bg3 Qf6 14. c3 d4 15. cxd4 Nxd4 16. Nxd4 Bxd4 17. Bf3 Bxb2 18. Qa4 Bf5 19. Rae1 Rxe1 20. Rxe1 h5 21. Bxb7 Rd8 22. h4 Be6 23. Bf3 Bc3 24. Rd1 Rxd1+ 25. Bxd1 Bd4 26. Bxh5 g6 27. Bf3 Bb6 28. h5 gxh5 29. Bxh5 Qg5 30. Qh4 Qxh4 31. Bxh4 Bxa2 32. Bf6 Bb3 33. g4 a5 34. g5 Bc2 35. Bf3 a4 36. Bd5 Bc5 37. Kg2 a3 38. f4 Be3 39. Kg3 Bc1 40. Kg4 Bb2 41. Bxb2 axb2 42. Ba2 Kg7 43. f5 b1=Q 44. Bxb1 Bxb1 45. Kf4 Bc2 46. Ke5 Bd3 47. Kf4 Kf8 48. Ke5 Ke7 49. Kf4 Kd6 50. Kg4 Ke5 51. f6 Bg6 0-1


[Site "https://www.chess.com"]

[Event "Titled Tuesday Blitz November 30 2021"]
[White "Erdogdu, Mert"]
[Black "Indjic, Aleksandar"]
[WhiteFideId "6301495"]
[BlackFideId "911925"]
[WhiteElo "2485"]
[BlackElo "2643"]
[Result "1-0"]
[Round "10"]
[TimeControl "180+1"]
[Date "2021.11.30"]
[WhiteClock "0:00:24"]
[BlackClock "0:00:01"]

1. e4 e5 2. Nf3 Nc6 3. Bc4 Nf6 4. d3 h6 5. c3 d6 6. Bb3 g5 7. O-O g4 8. Nfd2 h5 9. Na3 Be6 10. Ndc4 h4 11. f4 exf4 12. Bxf4 Be7 13. Ne3 Qd7 14. Bg5 Ng8 15. Bxe7 Ngxe7 16. Bxe6 fxe6 17. Nxg4 Ng8 18. d4 O-O-O 19. Qf3 Nh6 20. Nxh6 Rxh6 21. Qh3 Rg8 22. Rf2 Nd8 23. Raf1 Qe7 24. Nc4 Rhg6 25. e5 Kb8 26. exd6 cxd6 27. Qe3 Qc7 28. Nd2 Qg7 29. Qe4 Rg4 30. Qe2 Qg6 31. Kh1 Qe8 32. h3 Rg3 33. Ne4 R3g6 34. Nf6 Qe7 35. Nxg8 Rxg8 36. c4 a6 37. c5 d5 38. Qe5+ Ka8 39. a3 Qe8 40. Rf6 Qe7 41. R1f2 Qe8 42. Qd6 Qa4 43. Rf8 Qd1+ 44. Kh2 Ka7 45. Qb6+ 1-0


[Site "https://www.chess.com"]

[Event "Titled Tuesday Blitz November 30 2021"]
[White "Gabrielian, Artur"]
[Black "Solon, Nathan"]
[WhiteFideId "4131002"]
[BlackFideId "2017229"]
[WhiteElo "2440"]
[BlackElo "2566"]
[Result "1-0"]
[Round "10"]
[TimeControl "180+1"]
[Date "2021.11.30"]
[WhiteClock "0:00:11"]
[BlackClock "0:00:06"]

1. d4 Nf6 2. c4 e6 3. Nc3 Bb4 4. a3 Bxc3+ 5. bxc3 c5 6. e3 b6 7. Bd3 Bb7 8. f3 Nc6 9. Ne2 d6 10. e4 Qe7 11. O-O Na5 12. Bg5 h6 13. Bh4 g5 14. Bf2 Qc7 15. Rb1 Ba6 16. d5 e5 17. Ng3 Bc8 18. Be3 Bd7 19. Rb2 O-O-O 20. Qd2 Rdg8 21. Rb5 Bxb5 22. cxb5 c4 23. Be2 Nb3 24. Qe1 Kb7 25. Nf5 Rg6 26. Bxc4 Nc5 27. Be2 Ng8 28. c4 Ne7 29. Bxc5 Qxc5+ 30. Kh1 Nxf5 31. exf5 Rgg8 32. a4 Qa3 33. Qd1 h5 34. Qc2 g4 35. a5 Qxa5 36. c5 bxc5 37. Qb2 Qb4 38. Qa2 gxf3 39. Qa6+ Kb8 40. Qxd6+ Ka8 41. Qc6+ Kb8 42. Bxf3 e4 43. Be2 Qd2 44. b6 axb6 45. Qxb6+ Kc8 46. Ba6+ Kd7 47. Qc6+ Ke7 48. f6+ Kd8 49. Qc8# 1-0


[Site "https://www.chess.com"]

[Event "Titled Tuesday Blitz November 30 2021"]
[White "Gasanov, Eldar"]
[Black "Ianov, Viktor"]
[WhiteFideId "14104466"]
[BlackFideId "14102730"]
[WhiteElo "2454"]
[BlackElo "2307"]
[Result "1-0"]
[Round "10"]
[TimeControl "180+1"]
[Date "2021.11.30"]
[WhiteClock "0:00:03"]
[BlackClock "0:00:22"]

1. d4 d6 2. e4 Nf6 3. Nc3 c6 4. f4 Qb6 5. Be2 g6 6. Nf3 Bg4 7. O-O Bg7 8. Rb1 O-O 9. Be3 Nbd7 10. h3 Bxf3 11. Bxf3 e5 12. Qd3 Qc7 13. Rbd1 Rad8 14. a4 a5 15. Rfe1 Rfe8 16. Qc4 Nb6 17. Qb3 Nfd7 18. fxe5 dxe5 19. d5 Bf8 20. d6 Bxd6 21. Rxd6 Qxd6 22. Bxb6 Nxb6 23. Qxb6 Qd4+ 24. Qxd4 exd4 25. Nb1 b5 26. Nd2 Re5 27. Ra1 Ra8 28. Nb3 bxa4 29. Nxd4 Rc5 30. Rxa4 Rb8 31. b3 Rb4 32. Rxb4 axb4 33. e5 Rxe5 34. Nxc6 Rb5 35. Bd5 Kf8 36. Bc4 Rb6 37. Ne5 Rb7 38. Nxf7 Ke7 39. Kf2 Rd7 40. Ke2 Kf6 41. g4 g5 42. Nh6 Rd4 43. Bd3 Rd7 44. Kf3 Rc7 45. Nf5 Ke5 46. Ne3 h6 47. Nf5 Rc6 48. Ke3 Rc3 49. Nd4 Rc8 50. Nf3+ Kd5 51. Be4+ Kc5 52. Nd4 Re8 53. Nc6 Re6 54. Nd4 Re8 55. Nf5 Re6 56. Kd3 Rf6 57. Ke3 Re6 58. Kf3 Rf6 59. Bd3 Re6 60. Kg3 Rf6 61. h4 Re6 62. h5 Rf6 63. Kf3 Re6 64. Be4 Rf6 65. Ke3 Re6 66. Kd3 Rf6 67. c3 bxc3 68. Kxc3 Kb5 69. Nd4+ Kb6 70. Nf5 Re6 71. Kd4 Kb5 72. Kd5 Rb6 73. Bd3+ Kb4 74. Bc4 Rf6 75. Ke5 Rb6 76. Be6 Kc3 77. Nxh6 Kd3 78. Nf7 Rb5+ 79. Kf6 Ke4 80. Nxg5+ Kf4 81. Nf7 Rb6 82. h6 Rb8 83. h7 Rf8 84. g5 Re8 85. g6 Rf8 86. g7 1-0


[Site "https://www.chess.com"]

[Event "Titled Tuesday Blitz November 30 2021"]
[White "Grigorjev, Iljya"]
[Black "Gunduz, Umut Erdem"]
[WhiteFideId "24159565"]
[BlackFideId "6381383"]
[WhiteElo "2124"]
[BlackElo "2096"]
[Result "1-0"]
[Round "10"]
[TimeControl "180+1"]
[Date "2021.11.30"]
[WhiteClock "0:01:54"]
[BlackClock "0:00:09"]

1. Nf3 Nf6 2. g3 g6 3. Bg2 Bg7 4. O-O O-O 5. b3 c5 6. Bb2 d5 7. c4 Nc6 8. cxd5 Qxd5 9. Ne5 Qd6 10. Nxc6 bxc6 11. d3 Be6 12. Nc3 Bd5 13. Rc1 Bxg2 14. Kxg2 Rab8 15. Qc2 h5 16. h4 Rb4 17. Na4 Qe6 18. Nxc5 Qc8 19. Bxf6 Bxf6 20. Ne4 Bxh4 21. Qxc6 Qf5 22. Qc5 Qxc5 23. Rxc5 Bf6 24. Nxf6+ exf6 25. Rfc1 Kg7 26. Rc7 Ra8 27. Rd7 1-0


[Site "https://www.chess.com"]

[Event "Titled Tuesday Blitz November 30 2021"]
[White "Iljiushenok, Ilia"]
[Black "Weetik, Vjacheslav"]
[WhiteFideId "24105074"]
[BlackFideId "4153472"]
[WhiteElo "2578"]
[BlackElo "2469"]
[Result "1-0"]
[Round "10"]
[TimeControl "180+1"]
[Date "2021.11.30"]
[WhiteClock "0:01:21"]
[BlackClock "0:00:01"]

1. e4 c6 2. Nf3 d5 3. d3 Bg4 4. Be2 e6 5. Ne5 Bxe2 6. Qxe2 dxe4 7. Qxe4 Nf6 8. Qe2 Nbd7 9. f4 Bc5 10. Nd2 O-O 11. Ndf3 Nd5 12. Bd2 Nxe5 13. fxe5 Qb6 14. O-O-O a5 15. a3 Be7 16. Qe4 h6 17. h4 Bb4 18. c3 Bxa3 19. bxa3 Qb3 20. Qc4 Qxa3+ 21. Kc2 b5 22. Qb3 Qxb3+ 23. Kxb3 c5 24. c4 a4+ 25. Ka2 bxc4 26. dxc4 Nb6 27. Rc1 a3 28. Rc2 Ra4 29. Rhc1 Rb8 30. Be3 Nd7 31. Ne1 Rab4 32. Nd3 Rb3 33. Rc3 Rxc3 34. Rxc3 Rc8 35. Rxa3 f6 36. Ra7 Nb6 37. exf6 gxf6 38. Bxh6 Nxc4 39. Bg7 Kh7 40. h5 1-0


[Site "https://www.chess.com"]

[Event "Titled Tuesday Blitz November 30 2021"]
[White "Ivanisevic, Ivan"]
[Black "Pranav, V"]
[WhiteFideId "912417"]
[BlackFideId "25060783"]
[WhiteElo "2499"]
[BlackElo "2351"]
[Result "1-0"]
[Round "10"]
[TimeControl "180+1"]
[Date "2021.11.30"]
[WhiteClock "0:00:09"]
[BlackClock "0:00:07"]

1. d4 Nf6 2. c4 e6 3. Nc3 Bb4 4. e3 O-O 5. Bd3 d5 6. a3 Bxc3+ 7. bxc3 b6 8. cxd5 exd5 9. Ne2 c5 10. O-O Ba6 11. f3 Qc8 12. e4 Nc6 13. e5 Ne8 14. Ng3 f5 15. exf6 Nxf6 16. Bg5 cxd4 17. cxd4 Bc4 18. Bf5 Qd8 19. Re1 h6 20. Bf4 Kh8 21. Qd2 Nh5 22. Nxh5 Rxf5 23. Ng3 Rf6 24. Be5 Rg6 25. Nh5 Qh4 26. Nf4 Rg5 27. g3 Ne7 28. Qg2 Nf5 29. gxh4 Rxg2+ 30. Kxg2 Nxh4+ 31. Kf2 Kh7 32. Ng2 Ng6 33. Ne3 Rf8 34. Nxc4 dxc4 35. Rac1 Nh4 36. Re3 b5 37. a4 a6 38. axb5 axb5 39. Rb1 Nf5 40. Ra3 c3 41. Rxc3 Ra8 42. Rcb3 Ra2+ 43. R1b2 Ra1 44. Rxb5 Rh1 45. Rb7 Kg6 46. R2b6+ Kh5 47. Rf7 g6 48. Rxf5+ gxf5 49. Rf6 Kg5 50. Kg2 Re1 51. f4+ Kg4 52. Rg6+ Kh5 53. Rg7 Re2+ 54. Kf3 Rxh2 55. d5 Rd2 56. d6 Rd3+ 57. Ke2 Rd5 58. d7 Kh4 59. Bf6+ Kh5 60. Be5 Kh4 61. Bc7 Kh5 62. Ke3 Rd1 63. Be5 Rd5 64. Re7 Kg6 65. Bc7 Kh5 66. d8=Q Rc5 67. Qe8+ Kh4 68. Rg7 Rc3+ 69. Kd4 Rxc7 70. Rxc7 1-0


[Site "https://www.chess.com"]

[Event "Titled Tuesday Blitz November 30 2021"]
[White "Jobava, Baadur"]
[Black "Kollars, Dmitrij"]
[WhiteFideId "13601520"]
[BlackFideId "12909572"]
[WhiteElo "2731"]
[BlackElo "2584"]
[Result "1-0"]
[Round "10"]
[TimeControl "180+1"]
[Date "2021.11.30"]
[WhiteClock "0:02:34"]
[BlackClock "0:00:19"]

1. e4 c6 2. c4 d5 3. cxd5 cxd5 4. exd5 Nf6 5. Qa4+ Nbd7 6. Nc3 g6 7. Nf3 Bg7 8. Bc4 O-O 9. d3 a6 10. Qa3 b6 11. O-O Bb7 12. Re1 b5 13. Bb3 Re8 14. Be3 Nb6 15. d6 exd6 16. Ng5 Nbd5 17. Nxf7 Kxf7 18. Bg5 Re5 19. Bxf6 Kxf6 20. Rxe5 dxe5 21. Ne4+ Kf7 22. Nd6+ Kg8 23. Nxb7 Qd7 24. Qc5 1-0


[Site "https://www.chess.com"]

[Event "Titled Tuesday Blitz November 30 2021"]
[White "Kobalia, Mikhail"]
[Black "Wagner, Dennis"]
[WhiteFideId "4119150"]
[BlackFideId "24650684"]
[WhiteElo "2543"]
[BlackElo "2355"]
[Result "1-0"]
[Round "10"]
[TimeControl "180+1"]
[Date "2021.11.30"]
[WhiteClock "0:01:34"]
[BlackClock "0:00:02"]

1. e4 c5 2. Nf3 d6 3. d4 cxd4 4. Nxd4 Nf6 5. Nc3 a6 6. Be3 e5 7. Nb3 Be7 8. Qd2 Be6 9. O-O-O Ng4 10. Kb1 Nxe3 11. Qxe3 Nd7 12. g3 O-O 13. f4 b5 14. f5 Bc4 15. Bxc4 bxc4 16. Nd2 Nb6 17. Qe2 Qc7 18. g4 Rab8 19. Ka1 Rb7 20. h4 Rfb8 21. g5 Qc5 22. f6 Bf8 23. Rhf1 d5 24. exd5 Nxd5 25. Nxd5 Rxb2 26. Nxc4 Qb5 27. Ne7+ Bxe7 28. fxe7 Rxa2+ 29. Kxa2 Qa4+ 30. Na3 Qb4 31. Rd8+ 1-0


[Site "https://www.chess.com"]

[Event "Titled Tuesday Blitz November 30 2021"]
[White "Krysa, Leandro"]
[Black "Thavandiran, Shiyam"]
[WhiteFideId "116807"]
[BlackFideId "2605058"]
[WhiteElo "2490"]
[BlackElo "2357"]
[Result "0-1"]
[Round "10"]
[TimeControl "180+1"]
[Date "2021.11.30"]
[WhiteClock "0:00:11"]
[BlackClock "0:00:56"]

1. c4 c5 2. g3 Nf6 3. Bg2 e6 4. Nf3 a6 5. O-O Qc7 6. b3 d6 7. Bb2 Be7 8. d4 cxd4 9. Nxd4 Bd7 10. Nc3 Nc6 11. Rc1 Nxd4 12. Qxd4 O-O 13. e4 Rac8 14. Kh1 Qb8 15. f4 Rfd8 16. a4 Bc6 17. Nd5 exd5 18. cxd5 Be8 19. Rce1 Bf8 20. Re2 b5 21. a5 b4 22. g4 Bb5 23. Ref2 Bxf1 24. Bxf1 Re8 25. Bd3 Qc7 26. e5 dxe5 27. fxe5 Bc5 28. Qf4 Bxf2 29. d6 Qc6+ 0-1


[Site "https://www.chess.com"]

[Event "Titled Tuesday Blitz November 30 2021"]
[White "Leiva, Gianmarco"]
[Black "Acor, Corey"]
[WhiteFideId "3804399"]
[BlackFideId "2024861"]
[WhiteElo "2318"]
[BlackElo "2300"]
[Result "1-0"]
[Round "10"]
[TimeControl "180+1"]
[Date "2021.11.30"]
[WhiteClock "0:00:11"]
[BlackClock "0:00:02"]

1. e4 e5 2. Nf3 Nc6 3. Bc4 Bc5 4. O-O Nf6 5. Re1 d6 6. c3 Bb6 7. d3 h6 8. Bb3 O-O 9. h3 Re8 10. Nbd2 d5 11. exd5 Nxd5 12. Nc4 f6 13. d4 e4 14. Nfd2 f5 15. f3 Be6 16. fxe4 fxe4 17. Nxe4 Qh4 18. Nxb6 axb6 19. Bd2 Bf7 20. Qf3 Na5 21. Bxd5 Bxd5 22. Nf6+ Qxf6 23. Qxd5+ Kh7 24. Rf1 Qg6 25. Rf2 Red8 26. Qf7 Rf8 27. Qxg6+ Kxg6 28. Bf4 c6 29. b3 Nxb3 30. Re1 Na5 31. Re6+ Rf6 32. Re7 Raf8 33. Bg3 Rxf2 34. Bxf2 Rf7 35. Re6+ Rf6 36. Re7 Rf7 37. Re6+ Kh7 38. d5 cxd5 39. Bxb6 Nc4 40. Bd4 Rc7 41. Re8 Na3 42. Rd8 Nb5 43. Rxd5 Nxc3 44. Bxc3 Rxc3 45. Rd7 Rc1+ 46. Kh2 Rb1 47. a4 Kg6 48. a5 Rb3 49. Rd6+ Kf5 50. Rd7 g6 51. Rh7 Rb5 52. Rc7 h5 53. Kg3 Rb2 54. Kf3 Rb3+ 55. Kf2 Rb5 56. Rf7+ Ke6 57. Rc7 Kf6 58. Rd7 Rb3 59. Rc7 Kf5 60. Rf7+ Ke6 61. Rg7 Kf6 62. Rc7 h4 63. Ke2 Kf5 64. Rc5+ Kf4 65. Rc4+ Kf5 66. Rxh4 Rb2+ 67. Kf1 Rb1+ 68. Kf2 Ra1 69. Rb4 Ra2+ 70. Kg1 Ra1+ 71. Kh2 Rxa5 72. Rxb7 Ra3 73. Rb2 Kf6 74. Rf2+ Kg7 75. Rb2 Ra4 76. Rb7+ Kf6 77. Rb3 Kg7 78. Rf3 Kh6 79. Kg3 Rb4 80. Rf4 Rb3+ 81. Rf3 Rb2 82. Ra3 Rc2 83. Ra8 Kg5 84. Ra5+ Kh6 85. Re5 Rc3+ 86. Kf2 Rc4 87. Re3 Rc2+ 88. Kf3 Rc4 89. g3 Kg7 90. Re4 Rc3+ 91. Kf4 Rc1 92. Re7+ Kf6 93. Re4 Rf1+ 94. Kg4 Rb1 95. h4 Rb3 96. Rf4+ Kg7 97. Ra4 Rb6 98. Kg5 Rb5+ 99. Kg4 Kh6 100. Rc4 Rd5 101. Kh3 Kg7 102. Kg2 Rd2+ 103. Kf3 Rd3+ 104. Kf4 Rd6 105. Rc5 Kf6 106. Rc4 Ra6 107. g4 Rb6 108. Ra4 Rc6 109. Rb4 Ra6 110. g5+ Ke6 111. Re4+ Kf7 112. Rb4 Ke6 113. Kg4 Rd6 114. Rf4 Ke7 115. h5 gxh5+ 116. Kxh5 Rd1 117. Kg6 Rh1 118. Kg7 Rh2 119. Re4+ Kd6 120. Re1 Rg2 121. g6 Kd7 122. Kf7 Rf2+ 123. Kg8 Rg2 124. g7 Rg3 125. Re4 Rg2 126. Kf7 Rf2+ 127. Kg6 Rg2+ 128. Kf6 Rf2+ 129. Kg5 Ra2 130. g8=Q 1-0


[Site "https://www.chess.com"]

[Event "Titled Tuesday Blitz November 30 2021"]
[White "Lysyj, Igor"]
[Black "Leitao, Rafael"]
[WhiteFideId "4150120"]
[BlackFideId "2101246"]
[WhiteElo "2611"]
[BlackElo "2609"]
[Result "1-0"]
[Round "10"]
[TimeControl "180+1"]
[Date "2021.11.30"]
[WhiteClock "0:01:35"]
[BlackClock "0:00:33"]

1. d4 Nf6 2. Nf3 e6 3. c4 Bb4+ 4. Bd2 c5 5. Bxb4 cxb4 6. g3 b6 7. Bg2 Bb7 8. O-O O-O 9. Qd3 a5 10. Rd1 d6 11. a3 Na6 12. Nbd2 Qc7 13. Ne1 e5 14. Nc2 Bxg2 15. Kxg2 Qb7+ 16. e4 exd4 17. axb4 axb4 18. f3 Rfc8 19. Nxd4 Nc5 20. Qe3 Re8 21. Nb5 Qc6 22. Qd4 Rxa1 23. Rxa1 d5 24. exd5 Re2+ 25. Kf1 Qe8 26. Nc7 1-0


[Site "https://www.chess.com"]

[Event "Titled Tuesday Blitz November 30 2021"]
[White "Maksimovic, Bojan"]
[Black "Lavrov, Maxim"]
[WhiteFideId "14408120"]
[BlackFideId "4166418"]
[WhiteElo "2439"]
[BlackElo "2192"]
[Result "1/2-1/2"]
[Round "10"]
[TimeControl "180+1"]
[Date "2021.11.30"]
[WhiteClock "0:00:06"]
[BlackClock "0:00:08"]

1. Nf3 Nf6 2. c4 g6 3. g3 Bg7 4. Bg2 O-O 5. O-O d6 6. d4 Nbd7 7. Nc3 e5 8. e4 exd4 9. Nxd4 Nc5 10. h3 Re8 11. Re1 a5 12. Bf4 Nfd7 13. Be3 Ne5 14. Bf1 a4 15. Qc2 a3 16. b3 h5 17. f4 Ned7 18. Rad1 h4 19. g4 Nf6 20. Bg2 Nxg4 21. hxg4 Bxg4 22. Rd2 h3 23. Bh1 Qh4 24. Ree2 Qg3+ 25. Kf1 Bxe2+ 26. Rxe2 Bxd4 27. Bxd4 Ne6 28. Bf2 Qxf4 29. Nd5 Qe5 30. Qd2 c6 31. Ne3 Nf4 32. Re1 Rad8 33. Bg3 Qg5 34. Qh2 Nd3 35. Re2 Qf6+ 36. Kg1 Qa1+ 37. Nf1 Qd4+ 38. Bf2 Nxf2 39. Qxf2 Qa1 40. Kh2 Re5 41. Ng3 Rde8 42. Kxh3 Rg5 43. Re1 Qe5 44. Rf1 Re7 45. Qf4 Qxf4 46. Rxf4 d5 47. exd5 Re3 48. Rf3 Rxf3 49. Bxf3 cxd5 50. Bxd5 b6 51. Ne4 Re5 52. Nd6 Re2 53. Nxf7 Rxa2 54. b4 Rb2 55. c5 Rxb4 56. c6 Rb1 57. c7 Rc1 58. Nd6+ Kg7 59. Nc4 a2 60. c8=Q a1=Q 61. Qg8+ Kh6 62. Qf8+ Kg5 63. Qe7+ Qf6 64. Qe3+ Qf4 65. Qe7+ Qf6 66. Qe3+ Qf4 67. Qe7+ Kh6 68. Qe3 Qxe3+ 69. Nxe3 Rc3 70. Kg4 Rxe3 71. Kf4 Re4+ 72. Bxe4 b5 73. Bd5 b4 74. Bb3 Kg7 75. Kg4 Kf6 76. Kf4 g5+ 77. Kg4 Ke5 78. Kxg5 Kd4 79. Bg8 Kc3 80. Kh6 b3 81. Bxb3 1/2-1/2


[Site "https://www.chess.com"]

[Event "Titled Tuesday Blitz November 30 2021"]
[White "Manafov, Vugar"]
[Black "Bluebaum, Matthias"]
[WhiteFideId "13410814"]
[BlackFideId "24651516"]
[WhiteElo "2277"]
[BlackElo "2681"]
[Result "1/2-1/2"]
[Round "10"]
[TimeControl "180+1"]
[Date "2021.11.30"]
[WhiteClock "0:00:22"]
[BlackClock "0:00:05"]

1. d4 d5 2. c4 e6 3. Nc3 Nf6 4. Nf3 Bb4 5. cxd5 exd5 6. a3 Bxc3+ 7. bxc3 O-O 8. e3 c5 9. Bd3 Qa5 10. Bb2 c4 11. Bc2 Bg4 12. h3 Bh5 13. g4 Bg6 14. Ne5 Bxc2 15. Qxc2 Nc6 16. Qf5 Rae8 17. O-O Nxe5 18. dxe5 Ne4 19. Rad1 Nxc3 20. Bxc3 Qxc3 21. Rxd5 Qxa3 22. Rd7 Re7 23. Rfd1 b5 24. R1d6 Qa1+ 25. Kg2 Qxe5 26. Qxe5 Rxe5 27. Rxa7 Rc5 28. Rb7 c3 29. Rd1 f5 30. Rdd7 Rfc8 31. Rxg7+ Kf8 32. Rxh7 Kg8 33. Rbg7+ Kf8 34. h4 c2 35. h5 R5c6 36. Rf7+ Kg8 37. Rfg7+ Kf8 38. g5 c1=Q 39. h6 Rxh6 40. gxh6 Qc6+ 41. Kg3 Qd6+ 42. Kf3 Qd5+ 43. Kg3 Qd6+ 44. Kh3 Qxh6+ 45. Rxh6 Kxg7 46. Rb6 Rc5 47. Kg3 Kf7 48. Kf4 Ke7 49. Kg5 Rd5 50. Kf4 Rc5 51. Ra6 Kf7 52. Rd6 Ke7 53. Rh6 Kf7 54. Kg5 Rd5 55. Rf6+ Ke7 56. Rxf5 Ke6 57. e4 Rxf5+ 58. exf5+ Kf7 59. Kf4 b4 60. Ke3 Kf6 61. Kd3 Kxf5 62. Kc4 Kf4 63. Kxb4 Kf3 64. Kc5 Ke4 65. f4 Kf5 66. Kd6 Ke4 67. Ke6 Kxf4 1/2-1/2


[Site "https://www.chess.com"]

[Event "Titled Tuesday Blitz November 30 2021"]
[White "Matinian, Nikita"]
[Black "Mickiewicz, Piotr"]
[WhiteFideId "24129100"]
[BlackFideId "1114891"]
[WhiteElo "2422"]
[BlackElo "2251"]
[Result "1-0"]
[Round "10"]
[TimeControl "180+1"]
[Date "2021.11.30"]
[WhiteClock "0:02:29"]
[BlackClock "0:01:37"]

1. e4 c5 2. Nc3 Nc6 3. Bb5 Nd4 4. Nf3 a6 5. Bd3 Nc6 6. O-O d6 7. Re1 e6 8. b3 Nf6 9. Bb2 Be7 10. e5 dxe5 11. Nxe5 Nxe5 12. Rxe5 O-O 13. Ne4 b6 14. Qf3 Ra7 15. Nxf6+ Bxf6 16. Rh5 h6 17. Rxh6 Bxb2 18. Rh8+ Kxh8 19. Qh5+ Kg8 20. Qh7# 1-0


[Site "https://www.chess.com"]

[Event "Titled Tuesday Blitz November 30 2021"]
[White "Nakamura, Hikaru"]
[Black "Sviridov, Valery"]
[WhiteFideId "2016192"]
[BlackFideId "4120680"]
[WhiteElo "2884"]
[BlackElo "2454"]
[Result "1-0"]
[Round "10"]
[TimeControl "180+1"]
[Date "2021.11.30"]
[WhiteClock "0:00:23"]
[BlackClock "0:01:14"]

1. e4 Nf6 2. Nc3 d6 3. d4 c6 4. f4 Qa5 5. Bd2 e5 6. Nf3 exd4 7. Nxd4 Qc7 8. Bd3 g6 9. O-O Bg7 10. Nf3 O-O 11. a4 Re8 12. Qe1 Nbd7 13. Qh4 Nc5 14. Rae1 Nxd3 15. cxd3 Qd8 16. f5 Nd7 17. Bg5 f6 18. fxg6 hxg6 19. Bh6 Ne5 20. d4 g5 21. Nxg5 fxg5 22. Bxg5 Qb6 23. Bf6 Qxd4+ 24. Kh1 Qd2 25. Bxg7 Kxg7 26. Qf6+ Kg8 27. Re2 1-0


[Site "https://www.chess.com"]

[Event "Titled Tuesday Blitz November 30 2021"]
[White "Nikologorskiy, Konstantin"]
[Black "Gokerkan, Cem Kaan"]
[WhiteFideId "24111708"]
[BlackFideId "6336760"]
[WhiteElo "2346"]
[BlackElo "2382"]
[Result "0-1"]
[Round "10"]
[TimeControl "180+1"]
[Date "2021.11.30"]
[WhiteClock "0:00:02"]
[BlackClock "0:00:03"]

1. e4 c5 2. Nc3 g6 3. g3 Bg7 4. Bg2 Nc6 5. d3 Rb8 6. Be3 d6 7. f4 b5 8. Qd2 b4 9. Nd1 e5 10. Nf3 Nge7 11. O-O O-O 12. fxe5 Nxe5 13. Nxe5 Bxe5 14. d4 cxd4 15. Bxd4 Nc6 16. Be3 Ba6 17. Re1 Re8 18. c3 bxc3 19. Nxc3 Qa5 20. Rac1 Qb4 21. Nd5 Qxd2 22. Bxd2 Nd4 23. Nc7 Ne2+ 24. Rxe2 Bxe2 25. Nxe8 Rxe8 26. Bc3 Rc8 27. Kf2 Ba6 28. Ke3 Bf6 29. h4 Be5 30. g4 Kf8 31. Rc2 Ke7 32. h5 gxh5 33. gxh5 h6 34. Bh3 Rc5 35. Bf5 Kf6 36. Bxe5+ Kxe5 37. Rd2 Bb7 38. Bh7 Rc1 39. Rf2 f6 40. Rf5+ Ke6 41. Bg8+ Ke7 42. Rb5 Bc8 43. Bd5 Bg4 44. Ra5 Rc7 45. Bb3 Be6 46. Bd5 Bxd5 47. exd5 f5 48. Kf4 Kf6 49. b3 Rg7 50. Ra6 Rg4+ 51. Kf3 Ke5 52. Rxa7 Rh4 53. a4 Rh3+ 54. Kf2 Rxb3 55. a5 Ra3 56. a6 Kxd5 57. Ra8 Ke4 58. a7 Kf4 59. Ke2 Ra2+ 60. Kd3 Ra5 61. Ke2 Ra2+ 62. Kd3 Kf3 63. Kd4 f4 64. Kd5 Ra6 0-1


[Site "https://www.chess.com"]

[Event "Titled Tuesday Blitz November 30 2021"]
[White "Ozen, Bahadir"]
[Black "Ibarra Jerez, Jose Carlos"]
[WhiteFideId "6337058"]
[BlackFideId "2226332"]
[WhiteElo "2503"]
[BlackElo "2626"]
[Result "1-0"]
[Round "10"]
[TimeControl "180+1"]
[Date "2021.11.30"]
[WhiteClock "0:00:06"]
[BlackClock "0:00:01"]

1. d4 d5 2. Nf3 e6 3. e3 Nf6 4. c4 a6 5. Nbd2 c5 6. cxd5 exd5 7. b3 cxd4 8. Nxd4 Bb4 9. Bd3 Nc6 10. Nxc6 bxc6 11. O-O O-O 12. Qc2 Qd6 13. Bb2 h6 14. Rac1 Bd7 15. Nf3 Rfe8 16. Rfd1 a5 17. Bd4 Rac8 18. Bc5 Qb8 19. a3 Bxc5 20. Qxc5 Qxb3 21. Nd4 Qb8 22. Rb1 Qc7 23. Rdc1 Ng4 24. Nf3 Nf6 25. Rb6 Rb8 26. Ra6 Rb2 27. Qxa5 Qb8 28. Ra7 Bg4 29. Nd4 c5 30. Rxc5 Rb1+ 31. Bf1 Ne4 32. Rb5 Rxb5 33. Bxb5 Rc8 34. Nc6 Rxc6 35. Ra8 Rc1+ 36. Bf1 Qxa8 37. Qxa8+ Kh7 38. f3 Nd2 39. Kf2 Nxf1 40. fxg4 Nxh2 41. Kg3 Nf1+ 42. Kf2 Nh2 43. Qxd5 Nxg4+ 44. Kf3 Nf6 45. Qxf7 Rf1+ 46. Ke2 Rg1 47. Kf2 Rb1 48. Qa2 Rb6 49. Qc2+ Kh8 50. a4 Ra6 51. Qc8+ Kh7 52. Qxa6 Ne4+ 53. Kg1 Nc5 54. Qc4 Nxa4 55. Qxa4 1-0


[Site "https://www.chess.com"]